Blackdemons vs Saguenéens
Created - 17 mars 2017 at 19:03
Goals
|
| Blackdemons |
1 |
0 |
1 |
2 |
| Saguenéens |
1 |
1 |
1 |
3 |
|
Shots
|
| Blackdemons |
7 |
6 |
17 |
30 |
| Saguenéens |
13 |
11 |
13 |
37 |
|
1st period
1. Saguenéens , Jerry D'Amigo 2 (Roman Josi, Mason Raymond) at 7:42
2. Blackdemons , Andrew MacDonald 18 (Steven Zalewski) at 13:29
Penalties :
Roman Josi (Chi) for Interference (Minor) at 5:08, Steve Oleksy (MJM) for Hooking (Minor) at 8:24, Jordan Szwarz (MJM) for Roughing (Minor) at 11:11, Oscar Klefbom (MJM) for Cross-checking (Minor) at 18:35
2nd period
3. Saguenéens , Erik Haula 13 (Kevin Marshall, Mason Raymond) at 12:54
Penalties :
Carl Hagelin (Chi) for High sticking (Double Minor) at 1:06, Sam Carrick (Chi) for Hooking (Minor) at 7:24
3rd period
4. Blackdemons , Igor Makarov 31 (Steven Zalewski, Matt Hunwick) at 1:40
5. Saguenéens , Carl Hagelin 10 (Rhett Rakhshani, Brody Sutter) at 7:16
Penalties :
Sergei Plotnikov (MJM) for Interference (Minor) at 4:55, Rickard Rakell (Chi) for Hooking (Minor) at 11:41, Carl Hagelin (Chi) for Hooking (Minor) at 16:08
Goalie Stats
Matt Hackett (MJM), 34 saves from 37 shots - (0,919), L, 6-9-1, 58:53 minutes
Martin Jones (Chi), 28 saves from 30 shots - (0,933), W, 3-3-0, 60:00 minutes
Players Stats for Blackdemons
Player Name G A P +/- PIM S H SB GA TA FO MP PP MP PK MP
------------------------------------------------------------------------------------
Andrew MacDonald 1 0 1 0 0 5 2 0 2 0 0/0 24:19 6:49 2:47
Ben Maxwell 0 0 0 0 0 1 0 0 0 0 2/3 3:10 0:00 1:15
Blake Pietila 0 0 0 1 0 1 1 0 0 0 0/0 16:21 6:12 0:11
Bryan Rust 0 0 0 0 0 0 1 0 0 0 1/2 13:03 0:00 2:50
Calvin de Haan 0 0 0 1 0 4 2 0 2 0 0/0 20:33 5:06 1:04
Dan Bertram 0 0 0 -2 0 0 0 0 0 0 0/1 7:06 0:00 0:00
Igor Makarov 1 0 1 1 0 7 1 0 0 0 0/3 21:46 6:21 3:17
Jordan Szwarz 0 0 0 0 2 3 1 1 1 0 0/2 16:13 4:53 0:00
Keaton Ellerby 0 0 0 -2 0 1 0 0 1 3 0/0 20:17 5:06 2:47
Kyle Rau 0 0 0 -2 0 0 0 0 0 0 0/2 12:21 4:56 0:11
Matt Hunwick 0 1 1 1 0 2 0 2 2 1 0/0 18:25 0:00 5:09
Max Friberg 0 0 0 -2 0 0 0 0 0 0 0/0 7:46 0:31 0:00
Noel Acciari 0 0 0 -1 0 0 0 2 1 0 17/30 26:11 6:18 3:22
Oscar Klefbom 0 0 0 -3 2 0 3 1 0 1 0/0 19:48 6:49 0:01
Scott Wilson 0 0 0 0 0 0 0 0 1 0 0/1 10:01 0:41 0:00
Sergei Plotnikov 0 0 0 0 2 2 1 0 0 0 0/0 18:56 4:53 1:20
Steve Oleksy 0 0 0 1 2 0 0 1 1 0 0/0 17:51 0:00 4:04
Steven Zalewski 0 2 2 2 0 4 2 1 0 0 10/18 17:53 1:00 3:26
Players Stats for Saguenéens
Player Name G A P +/- PIM S H SB GA TA FO MP PP MP PK MP
------------------------------------------------------------------------------------
Artemi Panarin 0 0 0 -2 0 3 2 0 0 0 0/0 17:42 3:34 4:14
Brendan Ranford 0 0 0 0 0 0 0 0 0 0 0/0 0:00 0:00 0:00
Brett Lebda 0 0 0 -1 0 0 0 1 0 0 0/0 13:37 3:32 3:12
Brody Sutter 0 1 1 1 0 0 0 0 0 0 4/5 6:48 0:00 0:00
Carl Hagelin 1 0 1 1 6 4 0 0 1 0 0/0 6:58 0:00 0:00
Craig Cunningham 0 0 0 1 0 2 0 0 0 0 0/0 11:46 0:45 0:44
Dalton Prout 0 0 0 0 0 4 1 0 0 0 0/0 20:47 3:26 4:56
Erik Haula 1 0 1 1 0 5 0 0 0 0 16/28 18:48 4:17 0:58
Jerry D'Amigo 1 0 1 1 0 1 0 2 0 0 2/6 5:28 0:00 4:46
Justin Florek 0 0 0 0 0 0 0 0 0 0 0/0 1:27 0:39 0:00
Kevin Marshall 0 1 1 0 0 1 1 2 0 4 0/0 27:29 4:39 6:08
Luke Witkowski 0 0 0 0 0 0 1 0 0 2 0/0 20:01 2:58 4:46
Mason Raymond 0 2 2 2 0 5 1 0 1 2 0/1 24:43 4:17 6:18
Nick Mattson 0 0 0 1 0 0 2 3 0 0 0/0 13:26 0:19 2:44
Rhett Rakhshani 0 1 1 1 0 2 0 0 3 1 0/0 6:48 0:00 0:00
Rickard Rakell 0 0 0 -2 2 1 2 0 0 1 2/9 15:26 3:20 1:55
Roman Josi 0 1 1 2 2 1 1 1 0 1 0/0 17:39 0:58 0:00
Sam Carrick 0 0 0 0 2 0 0 0 0 0 3/6 8:36 0:00 0:00
Spencer Machacek 0 0 0 -2 0 1 1 0 0 0 2/2 15:11 3:20 2:15
Teemu Pulkkinen 0 0 0 0 0 0 0 0 0 0 0/0 0:00 0:00 0:00
Tim Kennedy 0 0 0 0 0 3 0 0 0 0 0/0 8:30 0:00 0:00
Trevor Van Riemsdyk 0 0 0 1 0 0 0 0 0 0 0/0 7:35 0:00 2:04
Tyler Kennedy 0 0 0 0 0 1 2 0 0 0 3/5 9:38 3:17 2:40
Tyler Pitlick 0 0 0 0 0 3 0 0 0 0 0/0 9:37 0:19 0:00
3 Stars
1 - Steven Zalewski (MJM)
2 - Mason Raymond (Chi)
3 - Igor Makarov (MJM)
Power Play
Blackdemons - 0 on 6 Attempt(s) - 0,00%
Saguenéens - 0 on 4 Attempt(s) - 0,00%
Penalty Kill
Blackdemons - 4 on 4 Attempt(s) - 100,00%
- Score 0 goal in Penalty Kill
Saguenéens - 6 on 6 Attempt(s) - 100,00%
- Score 0 goal in Penalty Kill
Team Stat
Blackdemons - Hits : 14 - Faceoff Wins : 30 - Blocked Shots : 8 - Penalty Minutes : 8
Saguenéens - Hits : 14 - Faceoff Wins : 32 - Blocked Shots : 9 - Penalty Minutes : 12
Official
Referees : LaRue Dennis and Morton Dean
Linesman : Shane Heyer and Dan Schachte
Game Notes
Ben Maxwell is injured at 13:21 of 1st period (Sprained Left Knee)
Tyler Kennedy is injured at 7:26 of 2nd period (Bruised Left Arm)
Brett Lebda is injured at 7:58 of 2nd period (Lower Body)
Finance
Level 1 -- Attendance: 1494 (74,70%) -- Ticket Income 59 760 $
Level 2 -- Attendance: 764 (76,40%) -- Ticket Income 15 280 $
Total Attendance: 2258 (75,27%)
Total Ticket Income: 75 040 $
Other Income: 3 752 $
Total Income: 78 792 $
Blackdemons
5 vs 5 Forward
Center Left Wing Right Wing Time % Phy DF OF
1 Noel Acciari Sergei Plotnikov Jordan Szwarz 40 1 2 2
2 Steven Zalewski Blake Pietila Igor Makarov 30 1 2 2
3 Ben Maxwell Scott Wilson Bryan Rust 20 1 2 2
4 Kyle Rau Dan Bertram Max Friberg 10 1 2 2
5 vs 5 Defense
Defense Defense Time % Phy DF OF
1 Oscar Klefbom Keaton Ellerby 35 1 2 2
2 Andrew MacDonald Calvin de Haan 35 1 2 2
3 Matt Hunwick Steve Oleksy 30 1 2 2
4 Matt Hunwick Steve Oleksy 0 1 2 2
PowerPlay Forward
Center Left Wing Right Wing Time % Phy DF OF
1 Noel Acciari Blake Pietila Igor Makarov 60 1 2 2
2 Kyle Rau Sergei Plotnikov Jordan Szwarz 40 1 2 2
PowerPlay Defense
Defense Defense Time % Phy DF OF
1 Oscar Klefbom Andrew MacDonald 60 1 2 2
2 Calvin de Haan Keaton Ellerby 40 1 2 2
Penalty Kill 4 Players Forward
Center Wing Time % Phy DF OF
1 Steven Zalewski Igor Makarov 60 1 2 2
2 Ben Maxwell Bryan Rust 40 1 2 2
Penalty Kill 4 Players Defense
Defense Defense Time % Phy DF OF
1 Matt Hunwick Steve Oleksy 60 1 2 2
2 Andrew MacDonald Keaton Ellerby 40 1 2 2
Penalty Kill - 3 Players Forward
Forward Time % Phy DF OF
1 Steven Zalewski 60 1 2 2
2 Ben Maxwell 40 1 2 2
Penalty Kill - 3 Players Defense
Defense Defense Time % Phy DF OF
1 Matt Hunwick Steve Oleksy 60 1 2 2
2 Andrew MacDonald Keaton Ellerby 40 1 2 2
4 vs 4 Forward
Center Wing Time % Phy DF OF
1 Ben Maxwell Igor Makarov 60 1 2 2
2 Steven Zalewski Jordan Szwarz 40 1 2 2
4 vs 4 Defense
Defense Defense Time % Phy DF OF
1 Matt Hunwick Oscar Klefbom 60 1 2 2
2 Andrew MacDonald Calvin de Haan 40 1 2 2
Last Minutes Offensive
Center Left Wing Right Wing Defense Defense
Steven Zalewski Sergei Plotnikov Igor Makarov Andrew MacDonald Calvin de Haan
Last Minutes Defensive
Center Left Wing Right Wing Defense Defense
Steven Zalewski Sergei Plotnikov Igor Makarov Keaton Ellerby Andrew MacDonald
Goaltenders
Starting : Matt Hackett
Backup : Sebastien Caron
Extra Forwards
Normal : Ben Maxwell, Steven Zalewski, Igor Makarov - PP : Steven Zalewski, Ben Maxwell - PK : Noel Acciari
Extra Defensemen
Normal : Oscar Klefbom, Steve Oleksy, Calvin de Haan - PP : Steve Oleksy - PK : Calvin de Haan, Oscar Klefbom
Penalty Shots
Steven Zalewski, Igor Makarov, Ben Maxwell, Sergei Plotnikov, Jordan Szwarz
Saguenéens
5 vs 5 Forward
Center Left Wing Right Wing Time % Phy DF OF
1 Erik Haula Mason Raymond Tyler Kennedy 40 1 2 2
2 Rickard Rakell Artemi Panarin Spencer Machacek 30 1 2 2
3 Sam Carrick Tim Kennedy Tyler Pitlick 20 1 2 2
4 Brody Sutter Carl Hagelin Rhett Rakhshani 10 1 2 2
5 vs 5 Defense
Defense Defense Time % Phy DF OF
1 Brett Lebda Kevin Marshall 40 1 2 2
2 Dalton Prout Luke Witkowski 30 1 2 2
3 Roman Josi Nick Mattson 20 1 2 2
4 Trevor Van Riemsdyk Brett Lebda 10 1 2 2
PowerPlay Forward
Center Left Wing Right Wing Time % Phy DF OF
1 Erik Haula Mason Raymond Tyler Kennedy 60 1 2 2
2 Rickard Rakell Artemi Panarin Spencer Machacek 40 1 2 2
PowerPlay Defense
Defense Defense Time % Phy DF OF
1 Brett Lebda Kevin Marshall 60 1 2 2
2 Dalton Prout Luke Witkowski 40 1 2 2
Penalty Kill 4 Players Forward
Center Wing Time % Phy DF OF
1 Tyler Kennedy Mason Raymond 60 1 2 2
2 Artemi Panarin Spencer Machacek 40 1 2 2
Penalty Kill 4 Players Defense
Defense Defense Time % Phy DF OF
1 Brett Lebda Kevin Marshall 60 1 2 2
2 Dalton Prout Luke Witkowski 40 1 2 2
Penalty Kill - 3 Players Forward
Forward Time % Phy DF OF
1 Tyler Kennedy 60 1 2 2
2 Mason Raymond 40 1 2 2
Penalty Kill - 3 Players Defense
Defense Defense Time % Phy DF OF
1 Brett Lebda Kevin Marshall 60 1 2 2
2 Dalton Prout Luke Witkowski 40 1 2 2
4 vs 4 Forward
Center Wing Time % Phy DF OF
1 Tyler Kennedy Mason Raymond 60 1 2 2
2 Artemi Panarin Spencer Machacek 40 1 2 2
4 vs 4 Defense
Defense Defense Time % Phy DF OF
1 Brett Lebda Kevin Marshall 60 1 2 2
2 Dalton Prout Luke Witkowski 40 1 2 2
Last Minutes Offensive
Center Left Wing Right Wing Defense Defense
Erik Haula Mason Raymond Tyler Kennedy Brett Lebda Kevin Marshall
Last Minutes Defensive
Center Left Wing Right Wing Defense Defense
Erik Haula Mason Raymond Tyler Kennedy Brett Lebda Kevin Marshall
Goaltenders
Starting : Martin Jones
Backup : Mike Smith
Extra Forwards
Normal : Craig Cunningham, Justin Florek, Jerry D'Amigo - PP : Craig Cunningham, Justin Florek - PK : Jerry D'Amigo
Extra Defensemen
Normal : Roman Josi, Nick Mattson, Trevor Van Riemsdyk - PP : Roman Josi - PK : Nick Mattson, Trevor Van Riemsdyk
Penalty Shots
Tyler Kennedy, Mason Raymond, Artemi Panarin, Spencer Machacek, Erik Haula
% Time on Ice - Blackdemons
Lines # - Real PCT - Wanted PCT - Time Play
Normal Forward
1 - 33% - 40% - 12:43
2 - 25% - 30% - 9:47
3 - 25% - 20% - 9:41
4 - 17% - 10% - 6:47
Normal Defense
1 - 33% - 35% - 13:02
2 - 34% - 35% - 13:26
3 - 32% - 30% - 12:30
4 - 0% - 0% - 0:00
PP Forward
1 - 59% - 60% - 6:59
2 - 41% - 40% - 4:56
PP Defense
1 - 57% - 60% - 6:49
2 - 43% - 40% - 5:06
PK Forward
1 - 64% - 60% - 5:06
2 - 36% - 40% - 2:50
PK Defense
1 - 65% - 60% - 5:09
2 - 35% - 40% - 2:47
PK3 Forward
1 - 0% - 60%
2 - 0% - 40%
PK3 Defense
1 - 0% - 60%
2 - 0% - 40%
44 Forward
1 - 0% - 60%
2 - 0% - 40%
44 Defense
1 - 0% - 60%
2 - 0% - 40%
Last Minute Offensive - 1:11
Last Minute Defensive - 0:00
Total
Forward - 60:00
Defense - 60:00
|
% Time on Ice - Saguenéens
Lines # - Real PCT - Wanted PCT - Time Play
Normal Forward
1 - 37% - 40% - 14:19
2 - 24% - 30% - 9:36
3 - 22% - 20% - 8:30
4 - 17% - 10% - 6:48
Normal Defense
1 - 41% - 40% - 16:00
2 - 31% - 30% - 12:17
3 - 14% - 20% - 5:41
4 - 13% - 10% - 5:15
PP Forward
1 - 58% - 60% - 4:36
2 - 42% - 40% - 3:20
PP Defense
1 - 63% - 60% - 4:58
2 - 37% - 40% - 2:58
PK Forward
1 - 81% - 60% - 9:40
2 - 19% - 40% - 2:15
PK Defense
1 - 60% - 60% - 7:09
2 - 40% - 40% - 4:46
PK3 Forward
1 - 0% - 60%
2 - 0% - 40%
PK3 Defense
1 - 0% - 60%
2 - 0% - 40%
44 Forward
1 - 0% - 60%
2 - 0% - 40%
44 Defense
1 - 0% - 60%
2 - 0% - 40%
Last Minute Offensive - 0:00
Last Minute Defensive - 0:56
Total
Forward - 60:00
Defense - 60:00
|
Play by Play
1st period
0:01 of 1st period - Noel Acciari wins face-off versus Erik Haula in neutral zone.
1:13 of 1st period - Wrist shot by Tyler Pitlick.
1:13 of 1st period - Stopped by Matt Hackett with a rebound.
1:41 of 1st period - Wrist shot by Tim Kennedy.
1:41 of 1st period - Stopped by Matt Hackett without a rebound.
1:42 of 1st period - Steven Zalewski wins face-off versus Tyler Kennedy in Blackdemons zone.
1:51 of 1st period - Snap shot by Steven Zalewski.
1:51 of 1st period - Shot Misses the Net.
1:57 of 1st period - Wrist shot by Igor Makarov.
1:57 of 1st period - Deflect By Steven Zalewski.
1:57 of 1st period - Stopped by Martin Jones with a rebound.
2:07 of 1st period - Steve Oleksy is hit by Rickard Rakell and loses puck.
2:17 of 1st period - Snap shot by Noel Acciari.
2:17 of 1st period - Deflect By Jordan Szwarz.
2:17 of 1st period - Stopped by Martin Jones with a rebound.
3:17 of 1st period - Wrist shot by Steven Zalewski.
3:17 of 1st period - Stopped by Martin Jones without a rebound.
3:18 of 1st period - Noel Acciari wins face-off versus Erik Haula in Saguenéens zone.
4:10 of 1st period - Brett Lebda is hit by Oscar Klefbom and loses puck.
4:33 of 1st period - Snap shot by Tyler Pitlick.
4:33 of 1st period - Stopped by Matt Hackett with a rebound.
4:54 of 1st period - Wrist shot by Mason Raymond.
4:54 of 1st period - Stopped by Matt Hackett without a rebound.
4:55 of 1st period - Noel Acciari wins face-off versus Erik Haula in Blackdemons zone.
4:55 of 1st period - Noel Acciari is hit by Mason Raymond.
5:08 of 1st period - Minor Penalty to Roman Josi for Interference.
5:09 of 1st period - Tyler Kennedy wins face-off versus Igor Makarov in Saguenéens zone.
5:17 of 1st period - Snap shot by Tyler Kennedy.
5:17 of 1st period - Stopped by Matt Hackett with a rebound.
5:19 of 1st period - Snap shot by Tyler Kennedy.
5:19 of 1st period - Shot Blocked by Noel Acciari.
7:00 of 1st period - Snap shot by Oscar Klefbom.
7:00 of 1st period - Deflect By Igor Makarov.
7:00 of 1st period - Deflect By Spencer Machacek.
7:00 of 1st period - Stopped by Martin Jones with a rebound.
7:08 of 1st period - Penalty to Roman Josi is over, Roman Josi is back on ice.
7:22 of 1st period - Snap shot by Mason Raymond.
7:22 of 1st period - Stopped by Matt Hackett with a rebound.
7:24 of 1st period - Slapshot by Dalton Prout.
7:24 of 1st period - Shot Misses the Net.
7:26 of 1st period - Wrist shot by Mason Raymond.
7:26 of 1st period - Shot Blocked by Oscar Klefbom.
7:28 of 1st period - Snap shot by Mason Raymond.
7:28 of 1st period - Stopped by Matt Hackett with a rebound.
7:38 of 1st period - Wrist shot by Mason Raymond.
7:38 of 1st period - Stopped by Matt Hackett with a rebound.
7:40 of 1st period - Slapshot by Roman Josi.
7:40 of 1st period - Shot Misses the Net.
7:42 of 1st period - Wrist shot by Jerry D'Amigo.
7:42 of 1st period - Goal by Jerry D'Amigo - Blackdemons : 0 - Saguenéens : 1.
7:43 of 1st period - Spencer Machacek wins face-off versus Scott Wilson in neutral zone.
8:05 of 1st period - Icing by Matt Hunwick.
8:06 of 1st period - Sam Carrick wins face-off versus Ben Maxwell in Blackdemons zone.
8:24 of 1st period - Minor Penalty to Steve Oleksy for Hooking.
8:25 of 1st period - Steven Zalewski wins face-off versus Erik Haula in Blackdemons zone.
8:53 of 1st period - Wrist shot by Ben Maxwell.
8:53 of 1st period - Stopped by Martin Jones with a rebound.
8:55 of 1st period - Wrist shot by Matt Hunwick.
8:55 of 1st period - Shot Misses the Net.
10:24 of 1st period - Penalty to Steve Oleksy is over, Steve Oleksy is back on ice.
11:06 of 1st period - Off-side.
11:07 of 1st period - Brody Sutter wins face-off versus Jordan Szwarz in neutral zone.
11:11 of 1st period - Minor Penalty to Jordan Szwarz for Roughing.
11:12 of 1st period - Ben Maxwell wins face-off versus Mason Raymond in Blackdemons zone.
11:24 of 1st period - Wrist shot by Tyler Kennedy.
11:24 of 1st period - Shot Blocked by Steve Oleksy.
12:48 of 1st period - Icing by Mason Raymond.
12:49 of 1st period - Erik Haula wins face-off versus Noel Acciari in Saguenéens zone.
13:02 of 1st period - Noel Acciari is hit by Tyler Kennedy and loses puck.
13:11 of 1st period - Penalty to Jordan Szwarz is over, Jordan Szwarz is back on ice.
13:19 of 1st period - Wrist shot by Tyler Pitlick.
13:19 of 1st period - Stopped by Matt Hackett without a rebound.
13:20 of 1st period - Ben Maxwell wins face-off versus Sam Carrick in Blackdemons zone.
13:20 of 1st period - Ben Maxwell is hit by Nick Mattson.
13:21 of 1st period - Ben Maxwell from Blackdemons is injured at 13:21 of 1st period (Sprained Left Knee).
13:22 of 1st period - Spencer Machacek wins face-off versus Steven Zalewski in Blackdemons zone.
13:29 of 1st period - Snap shot by Andrew MacDonald.
13:29 of 1st period - Goal by Andrew MacDonald - Blackdemons : 1 - Saguenéens : 1.
13:30 of 1st period - Erik Haula wins face-off versus Steven Zalewski in neutral zone.
13:32 of 1st period - Off-side.
13:33 of 1st period - Steven Zalewski wins face-off versus Erik Haula in neutral zone.
14:04 of 1st period - Wrist shot by Spencer Machacek.
14:04 of 1st period - Shot Blocked by Noel Acciari.
14:28 of 1st period - Slapshot by Calvin de Haan.
14:28 of 1st period - Stopped by Martin Jones with a rebound.
14:50 of 1st period - Erik Haula is hit by Steven Zalewski and loses puck.
15:05 of 1st period - Snap shot by Tim Kennedy.
15:05 of 1st period - Shot Misses the Net.
15:07 of 1st period - Snap shot by Dalton Prout.
15:07 of 1st period - Stopped by Matt Hackett without a rebound.
15:08 of 1st period - Sam Carrick wins face-off versus Steven Zalewski in Blackdemons zone.
15:52 of 1st period - Nick Mattson is hit by Steven Zalewski and loses puck.
17:07 of 1st period - Slapshot by Erik Haula.
17:07 of 1st period - Stopped by Matt Hackett without a rebound.
17:08 of 1st period - Noel Acciari wins face-off versus Rickard Rakell in Blackdemons zone.
17:08 of 1st period - Noel Acciari is hit by Dalton Prout.
17:18 of 1st period - Artemi Panarin is hit by Andrew MacDonald and loses puck.
18:24 of 1st period - Snap shot by Rhett Rakhshani.
18:24 of 1st period - Stopped by Matt Hackett with a rebound.
18:26 of 1st period - Wrist shot by Rhett Rakhshani.
18:26 of 1st period - Shot Misses the Net.
18:35 of 1st period - Minor Penalty to Oscar Klefbom for Cross-checking.
18:36 of 1st period - Erik Haula wins face-off versus Steven Zalewski in Blackdemons zone.
19:02 of 1st period - Noel Acciari is hit by Artemi Panarin and loses puck.
Goals for this period are 1 for Blackdemons vs 1 for Saguenéens.
Shots for this period are 7 for Blackdemons vs 13 for Saguenéens.
2nd period
0:01 of 2nd period - Steven Zalewski wins face-off versus Erik Haula in neutral zone.
0:35 of 2nd period - Penalty to Oscar Klefbom is over, Oscar Klefbom is back on ice.
1:06 of 2nd period - Double Minor Penalty to Carl Hagelin for High sticking.
1:07 of 2nd period - Tyler Kennedy wins face-off versus Kyle Rau in Saguenéens zone.
1:21 of 2nd period - Slapshot by Sergei Plotnikov.
1:21 of 2nd period - Shot Misses the Net.
2:57 of 2nd period - Icing by Oscar Klefbom.
2:58 of 2nd period - Noel Acciari wins face-off versus Tyler Kennedy in Blackdemons zone.
5:06 of 2nd period - Penalty to Carl Hagelin is over, Carl Hagelin is back on ice.
6:05 of 2nd period - Steve Oleksy is hit by Rickard Rakell and loses puck.
6:16 of 2nd period - Matt Hunwick is hit by Tyler Kennedy and loses puck.
7:24 of 2nd period - Minor Penalty to Sam Carrick for Hooking.
7:25 of 2nd period - Tyler Kennedy wins face-off versus Noel Acciari in Saguenéens zone.
7:25 of 2nd period - Tyler Kennedy is hit by Oscar Klefbom.
7:26 of 2nd period - Tyler Kennedy from Saguenéens is injured at 7:26 of 2nd period (Bruised Left Arm).
7:27 of 2nd period - Noel Acciari wins face-off versus Jerry D'Amigo in Saguenéens zone.
7:54 of 2nd period - Backhand shot by Sergei Plotnikov.
7:54 of 2nd period - Shot Blocked by Kevin Marshall.
7:56 of 2nd period - Snap shot by Calvin de Haan.
7:56 of 2nd period - Stopped by Martin Jones with a rebound.
7:58 of 2nd period - Slapshot by Keaton Ellerby.
7:58 of 2nd period - Shot Blocked by Brett Lebda.
7:58 of 2nd period - Brett Lebda from Saguenéens is injured at 7:58 of 2nd period (Lower Body).
7:59 of 2nd period - Noel Acciari wins face-off versus Jerry D'Amigo in Saguenéens zone.
8:00 of 2nd period - Slapshot by Oscar Klefbom.
8:00 of 2nd period - Shot Blocked by Kevin Marshall.
8:02 of 2nd period - Wrist shot by Igor Makarov.
8:02 of 2nd period - Stopped by Martin Jones without a rebound.
8:03 of 2nd period - Jerry D'Amigo wins face-off versus Noel Acciari in Saguenéens zone.
8:16 of 2nd period - Snap shot by Andrew MacDonald.
8:16 of 2nd period - Shot Misses the Net.
9:24 of 2nd period - Penalty to Sam Carrick is over, Sam Carrick is back on ice.
9:40 of 2nd period - Snap shot by Carl Hagelin.
9:40 of 2nd period - Stopped by Matt Hackett without a rebound.
9:41 of 2nd period - Brody Sutter wins face-off versus Steven Zalewski in Blackdemons zone.
9:58 of 2nd period - Roman Josi is hit by Bryan Rust.
10:21 of 2nd period - Icing by Roman Josi.
10:22 of 2nd period - Brody Sutter wins face-off versus Noel Acciari in Saguenéens zone.
10:29 of 2nd period - Sergei Plotnikov is hit by Roman Josi and loses puck.
11:00 of 2nd period - Snap shot by Keaton Ellerby.
11:00 of 2nd period - Stopped by Martin Jones without a rebound.
11:01 of 2nd period - Steven Zalewski wins face-off versus Erik Haula in Saguenéens zone.
11:50 of 2nd period - Slapshot by Kevin Marshall.
11:50 of 2nd period - Shot Blocked by Matt Hunwick.
11:52 of 2nd period - Slapshot by Artemi Panarin.
11:52 of 2nd period - Stopped by Matt Hackett without a rebound.
11:53 of 2nd period - Noel Acciari wins face-off versus Rickard Rakell in Blackdemons zone.
12:38 of 2nd period - Snap shot by Spencer Machacek.
12:38 of 2nd period - Shot Hit the Post.
12:54 of 2nd period - Wrist shot by Kevin Marshall.
12:54 of 2nd period - Deflect By Erik Haula.
12:54 of 2nd period - Goal by Erik Haula - Blackdemons : 1 - Saguenéens : 2.
12:55 of 2nd period - Erik Haula wins face-off versus Noel Acciari in neutral zone.
13:08 of 2nd period - Backhand shot by Erik Haula.
13:08 of 2nd period - Shot Misses the Net.
13:10 of 2nd period - Slapshot by Roman Josi.
13:10 of 2nd period - Stopped by Matt Hackett without a rebound.
13:11 of 2nd period - Steven Zalewski wins face-off versus Rickard Rakell in Blackdemons zone.
13:18 of 2nd period - Wrist shot by Calvin de Haan.
13:18 of 2nd period - Shot Misses the Net.
14:23 of 2nd period - Wrist shot by Carl Hagelin.
14:23 of 2nd period - Shot Misses the Net.
14:25 of 2nd period - Slapshot by Carl Hagelin.
14:25 of 2nd period - Stopped by Matt Hackett with a rebound.
14:35 of 2nd period - Wrist shot by Artemi Panarin.
14:35 of 2nd period - Stopped by Matt Hackett without a rebound.
14:36 of 2nd period - Rickard Rakell wins face-off versus Noel Acciari in Blackdemons zone.
14:51 of 2nd period - Slapshot by Andrew MacDonald.
14:51 of 2nd period - Stopped by Martin Jones without a rebound.
14:52 of 2nd period - Erik Haula wins face-off versus Steven Zalewski in Saguenéens zone.
15:03 of 2nd period - Wrist shot by Steven Zalewski.
15:03 of 2nd period - Deflect By Igor Makarov.
15:03 of 2nd period - Stopped by Martin Jones with a rebound.
16:19 of 2nd period - Slapshot by Luke Witkowski.
16:19 of 2nd period - Shot Blocked by Steven Zalewski.
16:21 of 2nd period - Wrist shot by Brody Sutter.
16:21 of 2nd period - Shot Misses the Net.
16:23 of 2nd period - Snap shot by Dalton Prout.
16:23 of 2nd period - Shot Blocked by Matt Hunwick.
16:25 of 2nd period - Slapshot by Dalton Prout.
16:25 of 2nd period - Stopped by Matt Hackett with a rebound.
16:27 of 2nd period - Slapshot by Dalton Prout.
16:27 of 2nd period - Stopped by Matt Hackett without a rebound.
16:28 of 2nd period - Noel Acciari wins face-off versus Rickard Rakell in Blackdemons zone.
16:39 of 2nd period - Slapshot by Kevin Marshall.
16:39 of 2nd period - Deflect By Artemi Panarin.
16:39 of 2nd period - Stopped by Matt Hackett with a rebound.
16:41 of 2nd period - Wrist shot by Rickard Rakell.
16:41 of 2nd period - Stopped by Matt Hackett without a rebound.
16:42 of 2nd period - Steven Zalewski wins face-off versus Erik Haula in Blackdemons zone.
17:45 of 2nd period - Snap shot by Jordan Szwarz.
17:45 of 2nd period - Deflect By Noel Acciari.
17:45 of 2nd period - Shot Misses the Net.
17:45 of 2nd period - Puck is out of play.
17:46 of 2nd period - Erik Haula wins face-off versus Bryan Rust in Saguenéens zone.
17:55 of 2nd period - Wrist shot by Erik Haula.
17:55 of 2nd period - Stopped by Matt Hackett with a rebound.
18:11 of 2nd period - Artemi Panarin is hit by Oscar Klefbom and loses puck.
19:07 of 2nd period - Off-side.
19:08 of 2nd period - Steven Zalewski wins face-off versus Brody Sutter in neutral zone.
19:11 of 2nd period - Nick Mattson is hit by Igor Makarov and loses puck.
19:45 of 2nd period - Slapshot by Andrew MacDonald.
19:45 of 2nd period - Stopped by Martin Jones without a rebound.
19:46 of 2nd period - Erik Haula wins face-off versus Igor Makarov in Saguenéens zone.
19:51 of 2nd period - Erik Haula is hit by Calvin de Haan and loses puck.
Goals for this period are 0 for Blackdemons vs 1 for Saguenéens.
Shots for this period are 6 for Blackdemons vs 11 for Saguenéens.
3rd period
0:01 of 3rd period - Erik Haula wins face-off versus Noel Acciari in neutral zone.
0:14 of 3rd period - Snap shot by Erik Haula.
0:14 of 3rd period - Shot Blocked by Jordan Szwarz.
1:40 of 3rd period - Wrist shot by Igor Makarov.
1:40 of 3rd period - Goal by Igor Makarov - Blackdemons : 2 - Saguenéens : 2.
1:41 of 3rd period - Erik Haula wins face-off versus Noel Acciari in neutral zone.
1:56 of 3rd period - Wrist shot by Erik Haula.
1:56 of 3rd period - Stopped by Matt Hackett without a rebound.
1:57 of 3rd period - Steven Zalewski wins face-off versus Rickard Rakell in Blackdemons zone.
2:25 of 3rd period - Wrist shot by Mason Raymond.
2:25 of 3rd period - Stopped by Matt Hackett with a rebound.
2:27 of 3rd period - Wrist shot by Mason Raymond.
2:27 of 3rd period - Shot Misses the Net.
2:31 of 3rd period - Slapshot by Erik Haula.
2:31 of 3rd period - Stopped by Matt Hackett with a rebound.
2:33 of 3rd period - Slapshot by Kevin Marshall.
2:33 of 3rd period - Stopped by Matt Hackett with a rebound.
2:35 of 3rd period - Slapshot by Roman Josi.
2:35 of 3rd period - Deflect By Craig Cunningham.
2:35 of 3rd period - Stopped by Matt Hackett without a rebound.
2:36 of 3rd period - Erik Haula wins face-off versus Steven Zalewski in Blackdemons zone.
3:10 of 3rd period - Dalton Prout is hit by Sergei Plotnikov and loses puck.
3:31 of 3rd period - Slapshot by Spencer Machacek.
3:31 of 3rd period - Stopped by Matt Hackett with a rebound.
3:33 of 3rd period - Wrist shot by Tim Kennedy.
3:33 of 3rd period - Shot Misses the Net.
3:35 of 3rd period - Snap shot by Tim Kennedy.
3:35 of 3rd period - Stopped by Matt Hackett without a rebound.
3:36 of 3rd period - Noel Acciari wins face-off versus Sam Carrick in Blackdemons zone.
4:08 of 3rd period - Slapshot by Calvin de Haan.
4:08 of 3rd period - Stopped by Martin Jones without a rebound.
4:09 of 3rd period - Noel Acciari wins face-off versus Erik Haula in Saguenéens zone.
4:12 of 3rd period - Snap shot by Jordan Szwarz.
4:12 of 3rd period - Stopped by Martin Jones without a rebound.
4:13 of 3rd period - Noel Acciari wins face-off versus Erik Haula in Saguenéens zone.
4:20 of 3rd period - Slapshot by Noel Acciari.
4:20 of 3rd period - Shot Misses the Net.
4:22 of 3rd period - Snap shot by Jordan Szwarz.
4:22 of 3rd period - Stopped by Martin Jones with a rebound.
4:24 of 3rd period - Snap shot by Sergei Plotnikov.
4:24 of 3rd period - Stopped by Martin Jones without a rebound.
4:25 of 3rd period - Erik Haula wins face-off versus Noel Acciari in Saguenéens zone.
4:32 of 3rd period - Wrist shot by Mason Raymond.
4:32 of 3rd period - Shot Misses the Net.
4:34 of 3rd period - Slapshot by Craig Cunningham.
4:34 of 3rd period - Stopped by Matt Hackett without a rebound.
4:35 of 3rd period - Erik Haula wins face-off versus Noel Acciari in Blackdemons zone.
4:55 of 3rd period - Minor Penalty to Sergei Plotnikov for Interference.
4:56 of 3rd period - Erik Haula wins face-off versus Igor Makarov in Blackdemons zone.
5:32 of 3rd period - Snap shot by Spencer Machacek.
5:32 of 3rd period - Shot Misses the Net.
6:53 of 3rd period - Tyler Pitlick is hit by Andrew MacDonald and loses puck.
6:55 of 3rd period - Penalty to Sergei Plotnikov is over, Sergei Plotnikov is back on ice.
7:06 of 3rd period - Wrist shot by Carl Hagelin.
7:06 of 3rd period - Stopped by Matt Hackett with a rebound.
7:08 of 3rd period - Wrist shot by Rhett Rakhshani.
7:08 of 3rd period - Stopped by Matt Hackett without a rebound.
7:09 of 3rd period - Brody Sutter wins face-off versus Dan Bertram in Blackdemons zone.
7:16 of 3rd period - Wrist shot by Carl Hagelin.
7:16 of 3rd period - Goal by Carl Hagelin - Blackdemons : 2 - Saguenéens : 3.
7:17 of 3rd period - Noel Acciari wins face-off versus Erik Haula in neutral zone.
7:50 of 3rd period - Keaton Ellerby is hit by Spencer Machacek and loses puck.
8:11 of 3rd period - Slapshot by Tim Kennedy.
8:11 of 3rd period - Stopped by Matt Hackett without a rebound.
8:12 of 3rd period - Steven Zalewski wins face-off versus Erik Haula in Blackdemons zone.
8:12 of 3rd period - Steven Zalewski is hit by Luke Witkowski.
8:24 of 3rd period - Snap shot by Igor Makarov.
8:24 of 3rd period - Stopped by Martin Jones with a rebound.
8:28 of 3rd period - Snap shot by Igor Makarov.
8:28 of 3rd period - Stopped by Martin Jones with a rebound.
8:38 of 3rd period - Noel Acciari is hit by Artemi Panarin and loses puck.
9:01 of 3rd period - Slapshot by Matt Hunwick.
9:01 of 3rd period - Stopped by Martin Jones without a rebound.
9:02 of 3rd period - Sam Carrick wins face-off versus Kyle Rau in Saguenéens zone.
9:15 of 3rd period - Slapshot by Calvin de Haan.
9:15 of 3rd period - Shot Blocked by Roman Josi.
9:17 of 3rd period - Backhand shot by Max Friberg.
9:17 of 3rd period - Shot Misses the Net.
9:33 of 3rd period - Snap shot by Jordan Szwarz.
9:33 of 3rd period - Shot Misses the Net.
9:35 of 3rd period - Wrist shot by Sergei Plotnikov.
9:35 of 3rd period - Stopped by Martin Jones without a rebound.
9:36 of 3rd period - Erik Haula wins face-off versus Steven Zalewski in Saguenéens zone.
9:36 of 3rd period - Erik Haula is hit by Blake Pietila.
10:06 of 3rd period - Off-side.
10:07 of 3rd period - Noel Acciari wins face-off versus Rickard Rakell in neutral zone.
10:12 of 3rd period - Slapshot by Calvin de Haan.
10:12 of 3rd period - Stopped by Martin Jones without a rebound.
10:13 of 3rd period - Noel Acciari wins face-off versus Rickard Rakell in Saguenéens zone.
10:14 of 3rd period - Slapshot by Andrew MacDonald.
10:14 of 3rd period - Stopped by Martin Jones without a rebound.
10:15 of 3rd period - Rickard Rakell wins face-off versus Jordan Szwarz in Saguenéens zone.
11:41 of 3rd period - Minor Penalty to Rickard Rakell for Hooking.
11:42 of 3rd period - Jerry D'Amigo wins face-off versus Noel Acciari in Saguenéens zone.
11:50 of 3rd period - Slapshot by Oscar Klefbom.
11:50 of 3rd period - Shot Blocked by Jerry D'Amigo.
11:52 of 3rd period - Snap shot by Noel Acciari.
11:52 of 3rd period - Shot Blocked by Jerry D'Amigo.
11:54 of 3rd period - Wrist shot by Blake Pietila.
11:54 of 3rd period - Stopped by Martin Jones without a rebound.
11:55 of 3rd period - Noel Acciari wins face-off versus Jerry D'Amigo in Saguenéens zone.
12:20 of 3rd period - Oscar Klefbom is hit by Nick Mattson.
12:26 of 3rd period - Slapshot by Calvin de Haan.
12:26 of 3rd period - Shot Blocked by Nick Mattson.
12:50 of 3rd period - Slapshot by Dalton Prout.
12:50 of 3rd period - Stopped by Matt Hackett without a rebound.
12:51 of 3rd period - Erik Haula wins face-off versus Noel Acciari in Blackdemons zone.
13:41 of 3rd period - Penalty to Rickard Rakell is over, Rickard Rakell is back on ice.
13:50 of 3rd period - Kevin Marshall is hit by Calvin de Haan and loses puck.
13:59 of 3rd period - Wrist shot by Mason Raymond.
13:59 of 3rd period - Shot Misses the Net.
14:46 of 3rd period - Matt Hunwick is hit by Kevin Marshall and loses puck.
15:17 of 3rd period - Slapshot by Jordan Szwarz.
15:17 of 3rd period - Shot Misses the Net.
15:39 of 3rd period - Snap shot by Igor Makarov.
15:39 of 3rd period - Stopped by Martin Jones with a rebound.
16:08 of 3rd period - Minor Penalty to Carl Hagelin for Hooking.
16:09 of 3rd period - Noel Acciari wins face-off versus Jerry D'Amigo in Saguenéens zone.
16:34 of 3rd period - Mason Raymond is hit by Jordan Szwarz and loses puck.
16:39 of 3rd period - Slapshot by Calvin de Haan.
16:39 of 3rd period - Shot Misses the Net.
18:08 of 3rd period - Penalty to Carl Hagelin is over, Carl Hagelin is back on ice.
18:16 of 3rd period - Off-side.
18:17 of 3rd period - Bryan Rust wins face-off versus Sam Carrick in neutral zone.
18:20 of 3rd period - Slapshot by Steve Oleksy.
18:20 of 3rd period - Shot Misses the Net.
18:22 of 3rd period - Slapshot by Steven Zalewski.
18:22 of 3rd period - Stopped by Martin Jones with a rebound.
18:24 of 3rd period - Backhand shot by Matt Hunwick.
18:24 of 3rd period - Stopped by Martin Jones with a rebound.
18:26 of 3rd period - Snap shot by Steven Zalewski.
18:26 of 3rd period - Stopped by Martin Jones with a rebound.
18:28 of 3rd period - Wrist shot by Steven Zalewski.
18:28 of 3rd period - Shot Blocked by Nick Mattson.
18:30 of 3rd period - Slapshot by Matt Hunwick.
18:30 of 3rd period - Shot Blocked by Nick Mattson.
18:53 of 3rd period - Blackdemons, Matt Hackett is pulled from the net.
19:03 of 3rd period - Wrist shot by Andrew MacDonald.
19:03 of 3rd period - Stopped by Martin Jones without a rebound.
19:04 of 3rd period - Guy Boucher call a timeout for Blackdemons.
19:04 of 3rd period - Erik Haula wins face-off versus Noel Acciari in Saguenéens zone.
19:53 of 3rd period - Snap shot by Sergei Plotnikov.
19:53 of 3rd period - Shot Misses the Net.
Goals for this period are 1 for Blackdemons vs 1 for Saguenéens.
Shots for this period are 17 for Blackdemons vs 13 for Saguenéens.
Back to the Top